 Dungeon Sprint DCSS version 0.31-a0-881-ge136f0c47a (webtiles) character file.

Game seed: 12618617960690002021

14 rocky1 the Geomancer (level 6, -18/41 HPs)
             Began as a Demonspawn Earth Elementalist on Oct 16, 2023.
             Was an Initiate of Gozag.
             Killed from afar by a rime drake (20 damage)
             ... with an icy flash freeze
             ... in the Dungeon (Sprint VI: "Thunderdome").
             The game lasted 00:03:18 (385 turns).

rocky1 the Geomancer (Demonspawn Earth Elementalist) Turns: 385, Time: 00:03:20

Health: -18/41     AC:  4    Str:  8    XL:     6   Next: 4%
Magic:  11/15      EV: 14    Int: 18    God:    Gozag
Gold:   581        SH:  0    Dex: 14    Spells: 13/17 levels left

rFire   . . .        (no weapon)
rCold   . . .        (no shield)
rNeg    . . .        a - +0 robe
rPois   .            (helmet restricted)
rElec   .            (no cloak)
rCorr   .            (no gloves)
SInv    .            (no boots)
Will    .....        (no amulet)
Stlth   ++           (no ring)
HPRegen 0.26/turn    (no ring)
MPRegen 0.14/turn

%: no teleportation
@: no status effects
A: antennae 2, icy blue scales 1, spiny 2
a: Renounce Religion, Potion Petition, Call Merchant, Bribe Branch


You were in the Dungeon.
You worshipped Gozag.
Gozag was pleased with you.
You visited 1 branch You collected 581 gold pieces.

Inventory:

Armour
 a - a +0 robe (worn)
Wands
 i - a wand of light (5)
 j - a wand of iceblast (1)
Scrolls
 g - 4 scrolls of blinking
 k - 3 scrolls of fog
Potions
 b - 3 potions of magic
 c - a potion of curing
 d - 4 potions of heal wounds
 e - 4 potions of haste
 f - a potion of berserk rage
 h - a potion of resistance


   Skills:
 + Level 6.0 Dodging
 - Level 1.7 Stealth
 + Level 6.0 Spellcasting
 - Level 0.8 Transmutations
 * Level 8.6 Earth Magic


You had 13 spell levels left.
You knew the following spells:

 Your Spells              Type           Power      Damage    Failure   Level
a - Sandblast             Erth           72%        2d16      1%          1
b - Stone Arrow           Conj/Erth      42%        3d9       6%          3

Your spell library contained the following spells:

 Spells                   Type           Power      Damage    Failure   Level
 Passwall                 Tmut/Erth      18%        N/A       2%          2
 Petrify                  Tmut/Erth      22%        N/A       17%         4
 Brom's Barrelling Bould  Conj/Erth      21%        2d4       21%         4


Dungeon Overview and Level Annotations

Branches:
Dungeon (1/1)

Altars:
Cheibriados
Dithmenos
Fedhas
Gozag
Kikubaaqudgha
Makhleb
Okawaru
Qazlal
Ru
Sif Muna
Trog
Uskayaw
Vehumet
Wu Jian
Xom
Yredelemnul
Lugonu

Shops:
D *[=??*?*:[((!!!!


Innate Abilities, Weirdness & Mutations

You have a pair of antennae on your head.
You are partially covered in icy blue scales. (AC +2)
You are mostly covered in sharp spines.


Message History

The rime drake hisses angrily.
The rime drake breathes ice at you. The icy flash freeze hits you!
You are encased in ice.
Aiming: Sandblast (safe; 1% risk of failure)
Press: ? - help, Q - select action, (/) - cycle Shift-Dir - straight line, f - ice beast
Aim: an ice beast (wandering, hasn't noticed you, 84% to hit)
The blast of sand hits the ice beast!
The ice beast is moderately wounded.
Unknown command.
Aiming: Sandblast (safe; 1% risk of failure)
Press: ? - help, Q - select action, (/) - cycle Shift-Dir - straight line, f/p - ice beast
Aim: an ice beast (moderately wounded, 84% to hit)
The blast of sand misses the ice beast.
The ice encasing you melts away. The rime drake breathes ice at you.
The icy flash freeze hits you!
* * * LOW HITPOINT WARNING * * *
You are encased in ice.
Aiming: Sandblast (safe; 1% risk of failure)
Press: ? - help, Q - select action, (/) - cycle Shift-Dir - straight line, f/p - ice beast
Aim: an ice beast (moderately wounded, 84% to hit)
The blast of sand hits the ice beast but does no damage.
The ice beast is moderately wounded.
The ice beast is struck by your spines.
The ice beast hits you but does no damage.
Aiming: Sandblast (safe; 1% risk of failure)
Press: ? - help, Q - select action, (/) - cycle Shift-Dir - straight line, f/p - ice beast
Aim: an ice beast (heavily wounded, 84% to hit)
The blast of sand hits the ice beast.
The ice beast is heavily wounded.
The ice encasing you melts away. The ice beast hits you.
* * * LOW HITPOINT WARNING * * *
The ice beast freezes you.
* * * LOW HITPOINT WARNING * * *
The rime drake breathes ice at you. The icy flash freeze hits you!!
You die...
Your body crumbles into a pile of gold.

#.....# ##.....## ##∩.....∩##
#∩.......∩# #_......._#
#_........# #_......._#
###.....Y...### #⌠......@k...⌠#
######.8.........8.######
##∩___......###......__.∩##
###∩........8.# #.8........∩###
#.............###.............##
⌠..........###...###....÷.....⌠#
⌠..........# #.<.# #..........⌠#
⌠..........###...###..........⌠#
#.......[.....###.............##


You could see a rime drake (catching breath) and an ice beast.

Vanquished Creatures
  Sigmund (D)
  A centaur (D)
  Jessica (D)
  An adder (D)
  2 hobgoblins (D)
  A quokka (D)
7 creatures vanquished.

Notes
Turn   | Place    | Note
-------+----------+-------------------------------------------
     0 | D        | rocky1 the Demonspawn Earth Elementalist began the quest
                  | for the Orb.
     0 | D        | Reached XP level 1. HP: 13/13 MP: 3/3
     3 | D        | Found a snail-covered altar of Cheibriados.
     4 | D        | Found a stormy altar of Qazlal.
     4 | D        | Found a radiant altar of Vehumet.
     5 | D        | Found a bloodstained altar of Trog.
     5 | D        | Round 1.
     6 | D        | Found Nolaim's Timeless Talismans.
     6 | D        | Found a blossoming altar of Fedhas.
     6 | D        | Found a corrupted altar of Lugonu.
     6 | D        | Found Bamu's Identification Station.
     7 | D        | Found Roasud's Jewellery.
     7 | D        | Found Fiafisif's Advanced Armour.
     9 | D        | Found a hide-covered altar of Uskayaw.
    11 | D        | Found a shimmering altar of Xom.
    12 | D        | Found a basalt altar of Yredelemnul.
    12 | D        | Found an ornate altar of the Wu Jian Council.
    12 | D        | Found Omaggy's Premium Goods.
    12 | D        | Found Teelid's Weapon Rack.
    13 | D        | Found Ahauzudgh's Miscellaneous Merchandise.
    13 | D        | Found Buonk's Basic Armour.
    16 | D        | Found a shimmering blue altar of Sif Muna.
    18 | D        | Found a sacrificial altar of Ru.
    19 | D        | Found Tely's Do-It-Yourself Clinic.
    20 | D        | Found Xeug Oviuw's Bottled Wisdom.
    20 | D        | Found Bitaosaf's Distillery.
    20 | D        | Found an ancient bone altar of Kikubaaqudgha.
    20 | D        | Found a shadowy altar of Dithmenos.
    20 | D        | Found Failor's Distillery.
    25 | D        | Reached skill level 3 in Earth Magic
    25 | D        | Gained mutation: You have a pair of small antennae on your
                  | head. [demonic ancestry]
    25 | D        | Reached XP level 2. HP: 19/19 MP: 2/5
    25 | D        | Found a burning altar of Makhleb.
    29 | D        | Found an opulent altar of Gozag.
    29 | D        | Found Mevatze's Staff Store.
    30 | D        | Found Fiocli's Must-Have Magic.
    30 | D        | Found Raxkuefo's Magic Scroll Shop.
    31 | D        | Found an iron altar of Okawaru.
    31 | D        | Found Homiax's Magic Scroll Shop.
    36 | D        | Became a worshipper of Gozag Ym Sagoz the Greedy
    88 | D        | Noticed Sigmund
    92 | D        | Killed Sigmund
    93 | D        | Reached skill level 5 in Dodging
    93 | D        | Reached skill level 5 in Spellcasting
    93 | D        | Reached skill level 7 in Earth Magic
    93 | D        | Gained mutation: You have a pair of antennae on your head.
                  | [demonic ancestry]
    93 | D        | Reached XP level 3. HP: 24/24 MP: 5/9
    93 | D        | Gained mutation: You are partially covered in sharp spines.
                  | [demonic ancestry]
    93 | D        | Reached XP level 4. HP: 30/30 MP: 6/11
    93 | D        | Gained mutation: You are partially covered in icy blue
                  | scales. (AC +2) [demonic ancestry]
    93 | D        | Reached XP level 5. HP: 35/35 MP: 6/12
   108 | D        | Learned a level 3 spell: Stone Arrow
   176 | D        | Arena points: 4 (+4) [x1]
   191 | D        | Round 2.
   195 | D        | Noticed a centaur
   200 | D        | Killed a centaur
   201 | D        | Reached skill level 8 in Earth Magic
   304 | D        | Noticed Jessica
   308 | D        | Killed Jessica
   309 | D        | Gained mutation: You are mostly covered in sharp spines.
                  | [demonic ancestry]
   309 | D        | Reached XP level 6. HP: 41/41 MP: 13/15
   358 | D        | Arena points: 14 (+10) [x1]
   373 | D        | Round 3.
   379 | D        | Noticed an ice beast
   380 | D        | Noticed a rime drake
   385 | D        | HP: 2/41 [ice beast (6)]
   385 | D        | Killed from afar by a rime drake

Illustrated notes

Levels and vault maps discovered:
D:        arena_sprint

Skill      XL: |  1  2  3  4  5 |
---------------+----------------+-----
Dodging        | 2 5 6 |  6.0
Earth Magic    | 3 7 8 |  8.6
Spellcasting   | 5 6 |  6.0
Stealth        | |  1.7
Transmutations | |  0.8

Action                     |  1- 3 |  4- 6 || total
---------------------------+-------+-------++-------
   Cast: Sandblast         |     1 |    13 ||    14
  Evoke: Wand              |     3 |     1 ||     4
 Armour: Robe              |       |     9 ||     9
  Dodge: Dodged            |     1 |     6 ||     7

Table legend: (Time is in decaauts)
 A = Elapsed time spent in this place.
 B = Non-inter-level travel time spent in this place.
 C = Inter-level travel time spent in this place.
 D = Time resting spent in this place.
 E = Time spent auto-exploring this place.
 F = Levels seen in this place.
 G = Mean time per level.
                   A        B        C        D        E       F      G
               +--------+--------+--------+--------+--------+-----+--------+
         Total |    391 |    391 |      0 |      0 |    129 |   1 |  391.0 |
       Dungeon |    391 |    391 |      0 |      0 |    129 |   1 |  391.0 |
               +--------+--------+--------+--------+--------+-----+--------+

Top non-repeatable levels by time:
       D: 391 daAuts
